 Dungeon Crawl Stone Soup version 0.28-a0-29-g0adfcbbeba (webtiles) character file.

Game seed: 9711719291125837607

214985 Bapho the Executioner (level 19, -7/152 HPs)
             Began as a Formicid Fighter on July 26, 2021.
             Was a High Priest of Okawaru.
             Mangled by the 26-headed Lernaean hydra (10 damage)
             ... on level 4 of the Swamp on July 27, 2021.
             The game lasted 01:25:28 (43085 turns).

Bapho the Executioner (Formicid Fighter)           Turns: 43085, Time: 01:25:29

Health: -7/152     AC: 33    Str: 33    XL:     19   Next: 73%
Magic:  27/32      EV:  8    Int:  9    God:    Okawaru [*****.]
Gold:   3450       SH: 22    Dex: 10    Spells: 18/18 levels left

rFire   + + .      SeeInvis +   a - +4 executioner's axe (elec)
rCold   + . .      Faith    .   B - +0 tower shield
rNeg    . . .      Spirit   .   C - +11 plate armour "Ruaj" {rF+ MP+9 Str+5}
rPois   +          Reflect  .   (helmet unavailable)
rElec   .          Harm     .   M - scarf {rC+ rF+}
rCorr   .          Rampage  .   T - +1 pair of gloves {archery}
Will    ++...                   U - +2 pair of boots {Stlth+}
Stlth   ..........              e - amulet of the acrobat
HPRegen 0.35/turn               k - ring of willpower
MPRegen 0.23/turn               d - ring of poison resistance

@: finesse-ful
A: permanent stasis, dig shafts and tunnels, antennae 3, four strong arms
}: 1/15 runes: gossamer
a: Dig, Shaft Self, Renounce Religion, Heroism, Finesse


You were on level 4 of the Swamp.
You worshipped Okawaru.
Okawaru was extremely pleased with you.
You visited 5 branches of the dungeon, and saw 31 of its levels.

You collected 3580 gold pieces.
You spent 130 gold pieces at shops.

Inventory:

Hand Weapons
 a - a +4 executioner's axe of electrocution (weapon)
 b - a +2 vorpal shortbow
 f - a +0 battleaxe of flaming
Missiles
 o - 678 stones (quivered)
 p - 309 arrows
Armour
 B - a +0 tower shield (worn)
 C - the +11 plate armour "Ruaj" (worn) {rF+ MP+9 Str+5}
   (You acquired it on level 6 of the Dungeon)

   Str:       It affects your strength (+5).
   rF:        It protects you from fire.
   MP:        It affects your magic capacity (+9).
 M - a scarf of resistance (worn)
 T - a +1 pair of gloves of archery (worn)
 U - a +2 pair of boots of stealth (worn)
 Y - a +2 cloak of preservation
Jewellery
 c - a ring of resist corrosion
 d - a ring of poison resistance (right hand)
 e - an amulet of the acrobat (around neck)
 h - a +6 ring of intelligence
 k - a ring of willpower (left hand)
 s - a +4 ring of evasion
 A - an amulet of guardian spirit
 G - a ring of flight
 L - a ring of protection from fire
 Z - an amulet of reflection
Wands
 u - a wand of iceblast (42)
 v - a wand of polymorph (15)
 w - a wand of mindburst (56)
 y - a wand of flame (97)
 H - a wand of digging (2)
 I - a wand of acid (5)
 O - a wand of charming (6)
 S - a wand of paralysis (28)
Scrolls
 g - a scroll of silence {unknown}
 i - a scroll of summoning
 n - a scroll of acquirement
 q - 4 scrolls of immolation
 x - 9 scrolls of identify
 D - 3 scrolls of enchant weapon
 F - 3 scrolls of enchant armour
 N - 4 scrolls of fear
 Q - 2 scrolls of amnesia
 R - 3 scrolls of fog
 X - 4 scrolls of magic mapping
Potions
 j - 7 potions of ambrosia
 l - 3 potions of heal wounds
 m - 3 potions of flight
 r - a potion of cancellation
 t - 5 potions of lignification
 z - a potion of resistance
 E - a potion of berserk rage
 J - 4 potions of brilliance
 K - 2 potions of invisibility
 P - 11 potions of curing
 V - 3 potions of attraction
 W - 4 potions of might


   Skills:
 - Level 14.2 Fighting
 + Level 22.6 Axes
 - Level 14.2 Armour
 - Level 15.3 Shields
 - Level 6.4 Invocations
 - Level 3.5 Evocations


You had 18 spell levels left.
You didn't know any spells.
Your spell library contained the following spells:

 Spells                   Type           Power      Damage    Failure   Level
 Foxfire                  Conj/Fire      0%         2x1d4     89%         1
 Pain                     Necr           0%         1d4       89%         1
 Shock                    Conj/Air       0%         1d3       89%         1
 Slow                     Hex            0%         N/A       96%         2
 Sublimation of Blood     Necr           0%         N/A       96%         2
 Wereblood                Tmut           0%         N/A       96%         2
 Confusing Touch          Hex            0%         N/A       99%         3
 Conjure Flame            Conj/Fire      0%         6-21      99%         3
 Frozen Ramparts          Ice            0%         1d2       99%         3
 Gell's Gravitas          Tloc           0%         N/A       99%         3
 Inner Flame              Hex/Fire       0%         N/A       99%         3
 Stone Arrow              Conj/Erth      0%         3d7       99%         3
 Teleport Other           Tloc           0%         N/A       99%         3
 Airstrike                Air            0%         N/A       100%        4
 Fulminant Prism          Conj/Hex       0%         3d6       100%        4
 Iskenderun's Mystic Bla  Conj/Tloc      0%         2d3       100%        4
 Petrify                  Tmut/Erth      0%         N/A       100%        4
 Agony                    Necr           0%         N/A       100%        5
 Blade Hands              Tmut           0%         N/A       100%        5
 Excruciating Wounds      Necr           0%         N/A       100%        5
 Fireball                 Conj/Fire      0%         3d3       100%        5
 Irradiate                Conj/Tmut      0%         3d14      100%        5
 Iskenderun's Battlesphe  Conj           0%         2d6       100%        5
 Lee's Rapid Deconstruct  Erth           0%         3d5*      100%        5
 Metabolic Englaciation   Hex/Ice        0%         N/A       100%        5
 Summon Forest            Summ/Tloc      0%         N/A       100%        5
 Yara's Violent Unravell  Hex/Tmut       0%         3d3       100%        5
 Dispersal                Tloc           0%         N/A       100%        6
 Eringya's Noxious Bog    Tmut/Pois      0%         N/A       100%        6
 Iron Shot                Conj/Erth      0%         9d1       100%        6
 Starburst                Conj/Fire      0%         8x6d3     100%        6
 Statue Form              Tmut/Erth      0%         N/A       100%        6
 Dragon Form              Tmut           0%         N/A       100%        7
 Malign Gateway           Summ/Tloc      0%         N/A       100%        7
 Spellforged Servitor     Conj/Summ      0%         N/A       100%        7
 Summon Hydra             Summ           0%         N/A       100%        7
 Ignition                 Fire           0%         3d3       100%        8
 Blink                    Tloc           Unusable   N/A       N/A         2
 Swiftness                Air            Unusable   N/A       N/A         3

Dungeon Overview and Level Annotations

Branches:
Dungeon (15/15)            Temple (0/1) D:6            Lair (6/6) D:11
  Swamp (4/4) Lair:2       Spider (4/4) Lair:2        Slime (0/5) Lair:6
    Orc (2/2) D:10            Elf (0/3) Orc:2        Vaults (0/5) D:14
 Depths (0/5) D:15

Altars:
Cheibriados
Fedhas
Hepliaklqana
Kikubaaqudgha
Okawaru
Uskayaw
Yredelemnul
Zin
The Shining One
Beogh

Shops:
D:6 [   Orc:1 *   Orc:2 *(:[(

Annotations:
Lair:5 3 runed translucent doors, Ycoiwk's ghost, journeyman OpVM
Swamp:4 Lernaean hydra
Orc:2 2 transporters, hofbold's ghost, journeyman MfFi


Innate Abilities, Weirdness & Mutations

You cannot be hasted, slowed, berserked, paralysed or teleported.
You can dig through walls and to a lower floor.
You have a pair of large antennae on your head. (SInv)
Your four strong arms can wield two-handed weapons with a shield.


Message History

* * * LOW HITPOINT WARNING * * *
The 27-headed Lernaean hydra completely misses you.
You block the 27-headed Lernaean hydra's attack.
The 27-headed Lernaean hydra barely misses you. x2
The 27-headed Lernaean hydra bites you but does no damage. x6
The 27-headed Lernaean hydra bites you!
* * * LOW HITPOINT WARNING * * *
The 27-headed Lernaean hydra bites you but does no damage.
The 27-headed Lernaean hydra bites you.
* * * LOW HITPOINT WARNING * * *
The swamp drake bites you but does no damage.
You feel much better.
The 27-headed Lernaean hydra bites you but does no damage.
The 27-headed Lernaean hydra bites you!
* * * LOW HITPOINT WARNING * * *
The 27-headed Lernaean hydra bites you but does no damage.
You block the 27-headed Lernaean hydra's attack. x2
The 27-headed Lernaean hydra bites you but does no damage. x4
You block the 27-headed Lernaean hydra's attack.
The 27-headed Lernaean hydra bites you but does no damage.
You block the 27-headed Lernaean hydra's attack.
The 27-headed Lernaean hydra bites you but does no damage.
The 27-headed Lernaean hydra barely misses you.
The 27-headed Lernaean hydra bites you but does no damage.
The 27-headed Lernaean hydra bites you!
* * * LOW HITPOINT WARNING * * *
The 27-headed Lernaean hydra closely misses you.
The 27-headed Lernaean hydra bites you but does no damage. x9
The 27-headed Lernaean hydra bites you!
* * * LOW HITPOINT WARNING * * *
The swamp drake bites you but does no damage.
You chop one of the 27-headed Lernaean hydra's heads off!
You slice the 26-headed Lernaean hydra!!
Lightning courses through the 26-headed Lernaean hydra!!
The 26-headed Lernaean hydra is almost dead.
You carve the swamp drake like a ham!!!
You kill the swamp drake!
Okawaru accepts your kill. The 26-headed Lernaean hydra bites you!
You die...

♣..#.......≈≈≈≈≈§.≈≈≈
♣♣.♣....≈♣≈≈≈≈≈≈.≈...
≈♣♣♣≈#≈≈≈≈≈≈<..♣♣♣≈♣ ♣♣ ♣♣
♣............♣ ♣♣♣ ###
♣≈.♣♣♣♣♣....♣..♣♣≈.♣ ♣♣ ≈
##≈≈#####≈.♣♣♣....♣♣♣♣♣♣♣♣
♣. .≈≈#≈#≈≈≈.####.♣♣...♣♣
♣♣ ≈.≈≈≈≈≈§..≈#.≈.†....♣
♣♣♣ .≈..≈..........D@...♣
♣♣♣≈♣
#(≈..≈≈#≈≈.##≈..≈≈..♣
♣♣♣♣≈.≈.
(≈#≈(≈≈≈#######.♣♣♣.♣
♣♣...≈... ≈≈≈≈(.≈.
##≈.♣♣♣≈♣♣ ♣≈≈....≈.
≈≈(#.≈≈≈ #≈.♣♣♣≈♣♣
♣♣♣♣♣...≈.≈. ≈≈ #.≈##
#♣♣≈≈.≈♣♣♣♣.♣♣♣♣.≈.≈.. ≈
#.≈ ♣≈≈#...♣♣...♣♣♣...≈≈.
≈≈# ♣♣≈≈...#♣♣≈.♣..≈..§≈.
♣♣≈#≈.♣≈≈≈.≈≈....≈..


You could see the 26-headed Lernaean hydra.

Vanquished Creatures
  Mara (Swamp:4)
  Nikola (Swamp:4)
  Rupert (D:14)
  A thorn hunter (Swamp:1)
  Roxanne (Swamp:4)
  A fenstrider witch (Swamp:4)
  5 ghost moths
  2 orc warlords
  4 emperor scorpions
  2 ghouls (Swamp:3)
  Nessos (Lair:4)
  2 entropy weavers
  3 bunyips
  Azrael (D:13)
  2 spark wasps (Spider:4)
  Snorg (Lair:4)
  2 eleionomae
  A fire dragon (D:15)
  A shambling mangrove (Swamp:4)
  Josephine (Orc:1)
  Erolcha (D:10)
  8 vault guards (D:14)
  11 boulder beetles
  24 hydras
  2 ice dragons
  A spriggan air mage (Swamp:1)
  2 catoblepae
  6 two-headed ogres
  4 centaur warriors
  A death knight (D:14)
  8 alligators
  5 death yaks (Lair:4)
  An orc high priest (Orc:2)
  The ghost of HAL9000 the Covert, a journeyman VSBr of Dithmenos (Lair:1)
  Urug (Lair:3)
  Sonja (D:13)
  3 goliath frogs (Swamp:1)
  The ghost of cirn0 the Destroyer, a novice HuCj (D:7)
  A bog body (Swamp:3)
  Pikel (D:7)
  2 wizards
  4 lindwurms
  2 necromancers
  6 wolf spider zombies (Spider:3)
  11 swamp dragons
  A deep elf pyromancer (D:14)
  19 wolf spiders
  2 orc sorcerers (Orc:2)
  5 orc knights
  11 orb spiders
  4 manticores
  An ugly thing (D:13)
  A will-o-the-wisp (Swamp:4)
  7 cyclopes
  7 oklob plants
  2 moths of wrath
  6 elephants (Lair:6)
  A black mamba (shapeshifter) (D:13)
  2 centaur zombies
  7 black mambas
  6 torpor snails
  8 cane toads
  Maggie (D:6)
  2 gargoyles
  An unseen horror (shapeshifter) (D:15)
  A yaktaur (shapeshifter) (D:15)
  3 kobold demonologists
  10 redback zombies (Spider:3)
  4 rime drakes
  10 demonic crawlers
  7 komodo dragons
  3 freezing wraiths (D:14)
  42 jumping spiders
  13 tarantella zombies (Spider:3)
  A bloated husk (Swamp:4)
  20 hornets
  5 trolls
  5 slime creatures
  19 blink frogs
  13 dream sheep
  12 polar bears
  9 tyrant leeches
  59 redbacks
  29 tarantellas
  3 spriggans
  Eustachio (D:6)
  2 vampires
  7 wraiths
  32 yaks
  5 wyverns
  7 basilisks
  4 fire elementals (D:13)
  Grum (D:10)
  A human (D:10)
  11 vampire mosquitoes
  Menkaure (D:6)
  10 wargs
  Edmund (D:5)
  2 acid dragons
  14 swamp worms
  14 water moccasins
  Duvessa (D:7)
  16 hell hounds
  15 black bears
  An ice beast (D:7)
  26 orc warriors
  14 swamp drakes
  A necrophage (Swamp:3)
  3 ogres
  8 centaurs
  37 wolves
  5 phantoms
  A lemure (D:7)
  8 kobold brigands
  10 bullfrogs
  3 scorpions
  Dowan (D:7)
  4 killer bees (D:11)
  9 electric eels
  A crimson imp (D:10)
  A bullfrog zombie (D:6)
  2 hounds
  2 jellies
  2 centaur skeletons
  24 orc priests
  A bullfrog skeleton (D:3)
  3 iguanas
  Ijyb (D:5)
  28 orc wizards
  4 polar bear simulacra (D:13)
  A killer bee zombie (D:6)
  2 yak simulacra (D:13)
  3 wolf simulacra (D:13)
  A howler monkey zombie (D:11)
  A howler monkey skeleton (D:6)
  15 adders
  3 gnolls (Orc:2)
  2 shadow imps (D:11)
  3 white imps
  3 ufetubi
  2 adder skeletons (D:4)
  2 worms (D:3)
  4 dart slugs
  74 orcs
  6 ball pythons
  7 endoplasms
  2 giant cockroaches (D:2)
  7 goblins
  5 hobgoblins
  6 jackals
  47 kobolds
  4 quokkas
  5 bats
  4 frilled lizards
  A jackal skeleton (D:4)
  5 kobold skeletons (D:11)
  13 kobold zombies (D:11)
  6 rats
  2 river rat simulacra (D:13)
  A spectral hobgoblin (D:12)
  A bush (Lair:4)
  A plant (Lair:5)
1088 creatures vanquished.

Vanquished Creatures (collateral kills)
  A harpy (shapeshifter) (D:14)
  A deep elf pyromancer (D:14)
2 creatures vanquished.

Vanquished Creatures (others)
  42 fungi
  195 plants
  5 toadstools (Swamp:1)
242 creatures vanquished.

Grand Total: 1332 creatures vanquished

Notes
Turn   | Place    | Note
-------+----------+-------------------------------------------
     0 | D:1      | Bapho the Formicid Fighter began the quest for the Orb.
     0 | D:1      | Reached XP level 1. HP: 18/18 MP: 1/1
    57 | D:1      | Found a faded altar of an unknown god.
   165 | D:1      | Reached XP level 2. HP: 24/24 MP: 2/2
   347 | D:1      | Reached XP level 3. HP: 18/29 MP: 3/3
  1838 | D:3      | Reached skill level 5 in Shields
  1882 | D:3      | Reached XP level 4. HP: 35/35 MP: 4/4
  2034 | D:3      | Reached skill level 3 in Axes
  2588 | D:3      | Found an iron altar of Okawaru.
  2645 | D:3      | Noticed a scorpion
  2652 | D:3      | Killed a scorpion
  2653 | D:3      | Reached XP level 5. HP: 14/41 MP: 5/5
  2787 | D:3      | Reached XP level 6. HP: 16/47 MP: 6/6
  2790 | D:3      | Became a worshipper of Warmaster Okawaru
  3730 | D:4      | Got Pegges's Guide on Glacial Clay
  3757 | D:4      | Reached skill level 4 in Axes
  3757 | D:4      | Reached XP level 7. HP: 41/52 MP: 7/7
  3965 | D:4      | Found a glowing silver altar of Zin.
  4512 | D:5      | Entered Level 5 of the Dungeon
  4710 | D:5      | Reached * piety under Okawaru
  5028 | D:5      | Reached skill level 5 in Axes
  5028 | D:5      | Reached XP level 8. HP: 56/58 MP: 8/8
  5198 | D:5      | Reached skill level 6 in Axes
  5201 | D:5      | Noticed Edmund
  5217 | D:5      | Killed Edmund
  5518 | D:5      | Noticed Ijyb
  5531 | D:5      | Killed Ijyb
  5748 | D:5      | Reached skill level 7 in Axes
  6556 | D:6      | Noticed Maggie
  6570 | D:6      | Killed Maggie
  6570 | D:6      | Reached ** piety under Okawaru
  6571 | D:6      | Reached skill level 8 in Axes
  6571 | D:6      | Reached XP level 9. HP: 32/64 MP: 7/9
  6576 | D:6      | Reached skill level 9 in Axes
  7117 | D:6      | Found a staircase to the Ecumenical Temple.
  7197 | D:6      | Noticed Eustachio
  7210 | D:6      | Killed Eustachio
  7411 | D:6      | Found Xomeol's Armour Shop.
  7653 | D:6      | Noticed Menkaure
  7661 | D:6      | Killed Menkaure
  7849 | D:6      | Identified a scroll of acquirement
  7849 | D:6      | Acquired the +11 plate armour "Ruaj" {rF+ MP+9 Str+5}
  8002 | D:7      | Reached *** piety under Okawaru
  8071 | D:7      | Reached skill level 10 in Shields
  8138 | D:7      | Noticed a +0 short sword
  8139 | D:7      | Noticed a +0 short sword
  8140 | D:7      | Noticed a +0 falchion
  8140 | D:7      | Noticed a +0 spear
  8140 | D:7      | Noticed a +0 dagger
  8140 | D:7      | Noticed a +0 dagger
  8140 | D:7      | Noticed Pikel
  8140 | D:7      | Noticed a +0 spear
  8141 | D:7      | Noticed a +0 falchion
  8141 | D:7      | Noticed a manticore
  8158 | D:7      | Killed Pikel
  8159 | D:7      | Reached skill level 10 in Axes
  8159 | D:7      | Reached XP level 10. HP: 58/70 MP: 10/10
  8160 | D:7      | Killed a manticore
  8160 | D:7      | Reached **** piety under Okawaru
  8326 | D:7      | Noticed Duvessa
  8326 | D:7      | Noticed Dowan
  8340 | D:7      | Killed Duvessa
  8341 | D:7      | Killed Dowan
  8702 | D:7      | Found a hide-covered altar of Uskayaw.
  8768 | D:7      | Found a runed translucent door.
  8769 | D:7      | Noticed cirn0's ghost (novice HuCj)
  9018 | D:7      | Killed cirn0's ghost
  9136 | D:8      | Noticed a two-headed ogre
  9149 | D:8      | Killed a two-headed ogre
  9150 | D:8      | Reached skill level 11 in Axes
  9331 | D:8      | Reached ***** piety under Okawaru
  9475 | D:8      | Found a glowing golden altar of the Shining One.
  9494 | D:8      | Found a blossoming altar of Fedhas.
  9494 | D:8      | Found a basalt altar of Yredelemnul.
  9581 | D:8      | Reached XP level 11. HP: 57/75 MP: 11/11
 10063 | D:9      | Noticed a two-headed ogre
 10072 | D:9      | Killed a two-headed ogre
 10203 | D:9      | Found a snail-covered altar of Cheibriados.
 10624 | D:10     | Entered Level 10 of the Dungeon
 10626 | D:10     | Noticed a two-headed ogre
 10642 | D:10     | Killed a two-headed ogre
 10718 | D:10     | Received a gift from Okawaru
 10969 | D:10     | Noticed Grum
 10982 | D:10     | Killed Grum
 10991 | D:10     | Reached skill level 12 in Axes
 11153 | D:10     | Reached skill level 15 in Shields
 11318 | D:10     | Noticed Erolcha
 11348 | D:10     | Killed Erolcha
 11647 | D:10     | Found a staircase to the Orcish Mines.
 11925 | Orc:1    | Entered Level 1 of the Orcish Mines
 11929 | Orc:1    | Noticed Josephine
 12150 | Orc:1    | Reached XP level 12. HP: 65/81 MP: 12/12
 12153 | Orc:1    | Killed Josephine
 12153 | Orc:1    | Received a gift from Okawaru
 12448 | Orc:1    | Found Neatid's Assorted Antiques.
 12683 | Orc:2    | Entered Level 2 of the Orcish Mines
 12690 | Orc:2    | Reached skill level 13 in Axes
 12894 | Orc:2    | Noticed an orc warlord
 13154 | Orc:1    | Killed an orc warlord
 13695 | Orc:2    | Found a staircase to the Elven Halls.
 13749 | Orc:2    | Reached skill level 14 in Axes
 13807 | Orc:2    | Noticed an orc high priest
 13817 | Orc:2    | Killed an orc high priest
 13934 | Orc:2    | Noticed an orc warlord
 14178 | Orc:2    | Killed an orc warlord
 14194 | Orc:2    | Reached skill level 15 in Axes
 14223 | Orc:1    | Reached XP level 13. HP: 51/86 MP: 13/13
 14462 | Orc:2    | Found Gagied's Book Boutique.
 14473 | Orc:2    | Found Bicsol's General Store.
 14484 | Orc:2    | Found Ammei's Antique Weapon Boutique.
 14488 | Orc:2    | Found Leudor's Antique Armour Boutique.
 14557 | Orc:2    | Bought a potion of resistance for 130 gold pieces
 14710 | Orc:2    | Found a transporter.
 14713 | Orc:2    | Noticed hofbold's ghost (journeyman MfFi)
 14715 | Orc:2    | Found a transporter.
 14830 | Orc:2    | Found Teul's Antique Weapon Shoppe.
 15355 | D:11     | Found a staircase to the Lair.
 15462 | Lair:1   | Entered Level 1 of the Lair of Beasts
 15462 | Lair:1   | Noticed a four-headed hydra
 15480 | D:11     | Killed a one-headed hydra
 15917 | Lair:1   | Reached skill level 16 in Axes
 15921 | Lair:1   | Reached ****** piety under Okawaru
 15922 | Lair:1   | Reached skill level 1 in Invocations
 16245 | Lair:1   | Found a runed translucent door.
 16247 | Lair:1   | Noticed HAL9000's ghost (journeyman VSBr)
 16797 | Lair:1   | Killed HAL9000's ghost
 16929 | Lair:2   | Received a gift from Okawaru
 17030 | Lair:2   | Reached skill level 5 in Fighting
 17059 | Lair:2   | Reached skill level 5 in Armour
 17250 | Lair:2   | Noticed a six-headed hydra
 17262 | Lair:2   | Killed a one-headed hydra
 17273 | Lair:2   | Noticed a six-headed hydra
 17287 | Lair:2   | Killed a two-headed hydra
 17543 | Lair:2   | Reached skill level 5 in Invocations
 17615 | Lair:2   | You fall into a shaft and drop 2 floors!
 17647 | Lair:3   | Noticed Urug
 17660 | Lair:3   | Killed Urug
 17782 | Lair:2   | Found a hole to the Spider Nest.
 18126 | Lair:2   | Found a staircase to the Swamp.
 18521 | Lair:3   | Reached XP level 14. HP: 61/101 MP: 18/18
 19068 | Lair:3   | HP: 3/101 [acid (13)]
 19798 | Lair:3   | Reached skill level 1 in Evocations
 20029 | Lair:3   | Received a gift from Okawaru
 20959 | Lair:4   | Noticed Snorg
 20972 | Lair:4   | Killed Snorg
 21315 | Lair:4   | Received a gift from Okawaru
 21554 | Lair:4   | Noticed Nessos
 21573 | Lair:4   | Killed Nessos
 22443 | Lair:5   | Identified the +0 scale mail of Xufasod {rC+++ Int+3}
 22657 | Lair:5   | Found a runed translucent gate.
 22657 | Lair:5   | Found a runed translucent gate.
 22657 | Lair:5   | Found a runed translucent gate.
 22661 | Lair:5   | Noticed Ycoiwk's ghost (journeyman OpVM)
 22702 | Lair:5   | Reached skill level 10 in Fighting
 22707 | Lair:5   | Reached skill level 10 in Armour
 22711 | Lair:5   | Reached XP level 15. HP: 114/115 MP: 19/19
 23574 | Lair:6   | Entered Level 6 of the Lair of Beasts
 24035 | Lair:6   | Found a staircase to the Slime Pits.
 24460 | Lair:6   | Identified the +2 pair of gloves of Dice, Bag, and Bottle
                  | {Harm Will- Int+6 Slay-5} (Okawaru gifted it to you on
                  | level 6 of the Lair of Beasts)
 24460 | Lair:6   | Received a gift from Okawaru
 26120 | Lair:6   | Found a runed translucent door.
 26513 | Lair:6   | Upgraded the game from 0.28-a0-20-gdd470a43dd to
                  | 0.28-a0-29-g0adfcbbeba
 27418 | D:11     | Found an ancient bone altar of Kikubaaqudgha.
 27666 | D:11     | You fall into a shaft and drop 2 floors!
 27761 | D:13     | Reached XP level 16. HP: 129/129 MP: 20/20
 27832 | D:13     | Noticed Sonja
 27839 | D:13     | Killed Sonja
 28016 | D:13     | Noticed Azrael
 28040 | D:13     | Killed Azrael
 28938 | D:14     | Received a gift from Okawaru
 28939 | D:14     | Found the +14 obsidian axe {vorpal, Drain Fly SInv}
 29071 | D:14     | Found a gate to the Vaults.
 29424 | D:14     | Received a gift from Okawaru
 29434 | D:14     | Noticed Rupert
 29446 | D:14     | Killed Rupert
 30072 | D:15     | Entered Level 15 of the Dungeon
 30183 | D:15     | Acquired a +4 executioner's axe of electrocution
 30911 | D:15     | Found a staircase to the Depths.
 31286 | D:12     | Identified the +3 broad axe of Bodily Harmony {vorpal, rC+
                  | Will+} (Okawaru gifted it to you on level 12 of the
                  | Dungeon)
 31286 | D:12     | Received a gift from Okawaru
 31482 | D:12     | Found a hazy altar of Hepliaklqana.
 31968 | D:11     | Reached XP level 17. HP: 136/139 MP: 21/21
 32466 | Spider:1 | Entered Level 1 of the Spider Nest
 32527 | Spider:1 | Reached skill level 17 in Axes
 32811 | Spider:1 | Received a gift from Okawaru
 32958 | Spider:1 | Acquired a +2 cloak of preservation
 34045 | Spider:2 | Reached skill level 18 in Axes
 34565 | Spider:3 | Received a gift from Okawaru
 34796 | Spider:3 | Identified the +6 war axe of Sauwnupn {freeze, rPois rF+
                  | Str-4} (Okawaru gifted it to you on level 3 of the Spider
                  | Nest)
 34796 | Spider:3 | Received a gift from Okawaru
 35071 | Spider:3 | Reached skill level 19 in Axes
 35446 | Spider:3 | Reached XP level 18. HP: 74/146 MP: 22/22
 36158 | Spider:4 | Entered Level 4 of the Spider Nest
 36371 | Spider:4 | Identified the +7 hunting sling of the Middle {freeze, rF+
                  | Str+4 Dex+3} (Okawaru gifted it to you on level 4 of the
                  | Spider Nest)
 36371 | Spider:4 | Received a gift from Okawaru
 36988 | Spider:4 | Reached skill level 20 in Axes
 38226 | Spider:4 | Got a gossamer rune of Zot
 38379 | Swamp:1  | Entered Level 1 of the Swamp
 38879 | Swamp:1  | Identified the +5 quarterstaff of Fortitude {drain, rN+++
                  | Will+ Str-3} (Okawaru gifted it to you on level 1 of the
                  | Swamp)
 38879 | Swamp:1  | Received a gift from Okawaru
 38936 | Swamp:1  | Reached skill level 21 in Axes
 39120 | Swamp:1  | Got Esiustod's Compendium of the Echidna
 39753 | Swamp:2  | You fall into a shaft and drop 1 floor!
 40007 | Swamp:3  | Reached XP level 19. HP: 130/152 MP: 23/23
 40815 | Swamp:4  | Entered Level 4 of the Swamp
 40840 | Swamp:4  | Noticed Mara
 40848 | Swamp:4  | Noticed Bapho's illusion
 40987 | Swamp:4  | Noticed Bapho's illusion
 41014 | Swamp:4  | Killed Mara
 41014 | Swamp:4  | Identified the +8 battleaxe of the Volcano {vorpal, Str+8
                  | Stlth+} (Okawaru gifted it to you on level 4 of the Swamp)
 41014 | Swamp:4  | Received a gift from Okawaru
 41293 | Swamp:4  | Noticed Nikola
 41316 | Swamp:4  | Killed Nikola
 41317 | Swamp:4  | Reached skill level 22 in Axes
 42045 | Swamp:4  | Identified the +2 chain mail "Weeloat" {rF+} (Okawaru
                  | gifted it to you on level 4 of the Swamp)
 42045 | Swamp:4  | Received a gift from Okawaru
 42701 | Swamp:4  | Noticed Roxanne
 42811 | Swamp:4  | Killed Roxanne
 43065 | Swamp:4  | Noticed the 27-headed Lernaean hydra
 43083 | Swamp:4  | HP: 7/152 [the 27-headed Lernaean hydra (2)]
 43084 | Swamp:4  | HP: 3/152 [the 27-headed Lernaean hydra (8)]
 43085 | Swamp:4  | Mangled by the 26-headed Lernaean hydra

Illustrated notes

Levels and vault maps discovered:
D:1:      amcnicky_arrival_flooded_fountain, layout_loops_ring,
          shapermc_ecumenical_altar_gd
D:2:      layout_basic, kennysheep_small_spiral, minmay_misc_feat_hallway
D:3:      layout_basic, okawaru_metal_pillars_3
D:4:      layout_loops_cross, zin_scriptorium
D:5:      layout_layer_cave, uniq_edmund, uniq_ijyb
D:6:      layout_basic, temple_green, serial_shops, shop, fountainhead,
          uniq_eustachio, uniq_menkaure, uniq_maggie
D:7:      layout_basic, nicolae_uskayaw_en_pointe,
          ebering_ghost_reflecting_pool, uniq_pikel, uniq_duvessa
D:8:      layout_cave_pools, nicolae_overflow_hidden_temple
D:9:      layout_stronghold, cheibriados_altar_1
D:10:     layout_long_grid, hiddenorc1_lemuel, hangedman_stone_soup,
          uniq_erolcha, uniq_grum
D:11:     wander_kiku_kobolds, layout_irregular_city, david_lair_shrubbed,
          minmay_misc_feat_cross, kennysheep_generic_room_5
D:12:     layout_basic, nicolae_hepliaklqana_monster_ancestors
D:13:     layout_loops_cross, eino_house_with_fridge, uniq_sonja, uniq_azrael
D:14:     layout_basic, erik_vaults_2, uniq_rupert
D:15:     grunt_enter_depths_hoard, layout_rooms, serial_curves, eino_curves_03,
          eino_curves_02, drop_trap, worms_lemuel
Lair:1:   wad_woods_04, layout_loops_ring, ebering_ghost_reflecting_pool,
          chequers_serial_rivers_room_b, infiniplex_staircase_pool
Lair:2:   nzn_winding_woodlands_small [nzn_winding_woodlands_5x15_pool,
          nzn_winding_woodlands_center_pierced_h,
          nzn_winding_woodlands_5x15_twine], layout_cave_pods, swamp_mist,
          nicolae_spider_entry_orb_guardian
Lair:3:   minmay_lair_venomous_thicket, layout_regular_city,
          serial_bayou_lagoon_b, minmay_lair_oklob_chamber, grunt_megastairs_4,
          uniq_urug
Lair:4:   layout_cave_pods, uniq_snorg, uniq_nessos
Lair:5:   statuecave_lemuel, layout_cave_pods, gammafunk_ghost_split
Lair:6:   wormcave, layout_regular_city, hangedman_lair_caniforms_friends,
          minmay_slime_entry_oklob_open, nicolae_quartered_pool_super,
          nzn_sisyphean_effort
Swamp:1:  cheibrodos_swamp_tower_of_moss, layout_basic_swamp, serial_swamp_ruin,
          evilmike_swamp_ruin_house_2, evilmike_swamp_ruin_wall,
          evilmike_swamp_ruin_rubble_2, swamp_pool5
Swamp:2:  layout_basic_swamp, nicolae_swamp_well_well_well, swamp_pool1,
          grunt_ruined_hall
Swamp:3:  layout_basic_swamp, evilmike_swamp_ruin_house_1
Swamp:4:  swamp_old_school, layout_basic_swamp, swamp_pool5, grunt_witch_cave,
          uniq_mara, uniq_roxanne, uniq_nikola
Spider:1: layout_spider_delve
Spider:2: nicolae_spider_jumping_over_cracks [nicolae_spider_jumping_sub_stairs,
          nicolae_spider_jumping_sub_narrow, nicolae_spider_jumping_sub_lanes,
          nicolae_spider_jumping_sub_pools], nicolae_spider_checkerboard
Spider:3: lemuel_spider_zombies, nicolae_spider_rock_and_or_roll
Spider:4: spider_rune_water, spiders_nest_ghost_moth_duel
Orc:1:    layout_caves, serial_shops, nicolae_shop_overgrown_old_shop,
          uniq_josephine
Orc:2:    grunt_orc_cross, layout_caves, gammafunk_ghost_arena,
          portal_ice_cave_entry_pillars_1, serial_shops,
          nicolae_shop_behind_doors, nicolae_orc_lava_tube

Skill      XL: |  1  2  3  4  5  6  7  8  9 10 11 12 13 14 15 16 17 18 19 |
---------------+----------------------------------------------------------+-----
Shields        | 4 5 6 7 9 10 13 15 | 15.3
Axes           | 3 4 5 8 10 11 12 15 16 19 21 22 | 22.6
Invocations    | 5 6 |  6.4
Fighting       | 6 10 12 14 | 14.2
Armour         | 6 10 12 14 | 14.2
Evocations     | 3 |  3.5

Action                   |  1- 3 |  4- 6 |  7- 9 | 10-12 | 13-15 | 16-18 | 19-21 || total
-------------------------+-------+-------+-------+-------+-------+-------+-------++-------
Melee: War axe           |    71 |    62 |   180 |   419 |    80 |       |       ||   812
       Battleaxe         |       |       |       |       |   905 |    87 |       ||   992
       Scimitar          |       |       |       |       |    16 |       |       ||    16
       Broad axe         |       |       |       |       |       |    98 |       ||    98
       Executioner's axe |       |       |       |       |       |   726 |   197 ||   923
 Fire: Hunting sling     |    48 |    21 |       |       |       |       |       ||    69
       Shortbow          |       |    33 |    91 |   125 |   533 |   487 |   128 ||  1397
Throw: Stone             |       |     3 |    16 |    18 |   118 |   102 |    37 ||   294
Invok: Heroism           |       |       |     5 |    15 |    15 |    25 |     7 ||    67
       Finesse           |       |       |       |     3 |    15 |    18 |     6 ||    42
Evoke: Wand              |       |       |       |       |     2 |     1 |     3 ||     6
  Use: Scroll            |       |       |     8 |     7 |     7 |     7 |       ||    29
       Potion            |       |       |     2 |     4 |     3 |       |     3 ||    12
 Stab: Held in net/web   |       |       |       |       |       |     1 |       ||     1
Armor: Scale mail        |    38 |    22 |    27 |       |       |       |       ||    87
       Chain mail        |       |       |    22 |       |       |       |       ||    22
       Plate armour      |       |       |    14 |   122 |   358 |   511 |   247 ||  1252
Dodge: Dodged            |    34 |    26 |    63 |    51 |   225 |   254 |    84 ||   737
Block: Kite shield       |    46 |    47 |    97 |       |       |       |       ||   190
       Tower shield      |       |       |    47 |   433 |  1045 |  1128 |   272 ||  2925
       Rpst.: Scimitar   |       |       |       |       |     1 |       |       ||     1

Table legend: (Time is in decaauts)
 A = Elapsed time spent in this place.
 B = Non-inter-level travel time spent in this place.
 C = Inter-level travel time spent in this place.
 D = Time resting spent in this place.
 E = Time spent auto-exploring this place.
 F = Levels seen in this place.
 G = Mean time per level.
                   A        B        C        D        E       F      G
               +--------+--------+--------+--------+--------+-----+--------+
         Total |  42986 |  41318 |   1668 |   4760 |  28615 |  31 | 1386.6 |
       Dungeon |  18059 |  17277 |    782 |   1226 |  13117 |  15 | 1203.9 |
          Lair |  11351 |  10742 |    609 |   1515 |   7035 |   6 | 1891.8 |
         Swamp |   4810 |   4768 |     42 |    950 |   2934 |   4 | 1202.5 |
   Spider Nest |   5801 |   5635 |    166 |    492 |   3820 |   4 | 1450.2 |
  Orcish Mines |   2963 |   2895 |     68 |    577 |   1707 |   2 | 1481.5 |
               +--------+--------+--------+--------+--------+-----+--------+

Top non-repeatable levels by time:
  Lair:6: 2934 daAuts
  Lair:3: 2602 daAuts
Spider:4: 2064 daAuts
     D:5: 1907 daAuts
    D:11: 1800 daAuts
 Swamp:4: 1714 daAuts
 Swamp:3: 1694 daAuts
  Lair:2: 1604 daAuts
     D:2: 1589 daAuts
   Orc:1: 1577 daAuts
  Lair:1: 1554 daAuts
Spider:3: 1529 daAuts
     D:6: 1526 daAuts
    D:10: 1524 daAuts
 Swamp:1: 1400 daAuts
